 Dungeon Crawl Stone Soup version 0.30-a0-305-g026cb31310 (webtiles) character file.

Game seed: 11311155693271192762

2207 LnG the Covert (level 9, -2/50 HPs)
             Began as a Kobold Summoner on Oct 21, 2022.
             Was an Initiate of Dithmenos.
             Slain by a gnoll
             ... wielding a +0 flail
             ... led by a gnoll bouda
              (6 damage)
             ... on level 5 of the Dungeon.
             The game lasted 00:13:54 (6061 turns).

LnG the Covert (Kobold Summoner)                    Turns: 6061, Time: 00:13:55

Health: -2/50      AC:  3    Str:  5    XL:     9   Next: 60%
Magic:  19/22      EV: 16    Int: 27    God:    Dithmenos [......]
Gold:   499        SH:  0    Dex: 15    Spells: 1/14 levels left

rFire   . . .      SeeInvis .    y - +2 dagger (elec)
rCold   . . .      Faith    .    (no shield)
rNeg    . . .      Spirit   .    a - +1 robe
rPois   .          Reflect  .    (no helmet)
rElec   .          Harm     .    (no cloak)
rCorr   .          Rampage  .    (no gloves)
Will    .....                    (no boots)
Stlth   ++++++....               (no amulet)
HPRegen 0.28/turn                o - ring of magical power
MPRegen 0.18/turn                v - +6 ring of intelligence

@: weakened
A: small, no large weapons, nightstalker 3
a: Renounce Religion


You were on level 5 of the Dungeon.
You worshipped Dithmenos.
Dithmenos was noncommittal.
You visited 2 branches of the dungeon, and saw 7 of its levels.

You collected 499 gold pieces.

Inventory:

Hand Weapons
 j - a +2 dagger of venom
 y - a +2 dagger of electrocution (weapon)
Armour
 a - a +1 robe (worn)
 c - a +1 pair of boots
Jewellery
 k - a ring of protection from cold
 n - a +4 ring of protection
 o - a ring of magical power (left hand)
 v - a +6 ring of intelligence (right hand)
Scrolls
 e - 2 scrolls of noise
 f - a scroll of teleportation {unknown}
 h - a scroll of amnesia {unknown}
 i - 2 scrolls of poison {unknown}
 l - a scroll of torment {unknown}
 r - a scroll of magic mapping {unknown}
 t - a scroll of blinking {unknown}
 w - 2 scrolls of enchant weapon {unknown}
Potions
 b - 2 potions of magic
 d - 2 potions of haste
 g - 3 potions of lignification
 m - a potion of cancellation {unknown}
 p - 3 potions of berserk rage
 q - a potion of flight {unknown}
 s - a potion of might {unknown}
 u - a potion of degeneration {unknown}
 x - a potion of curing {unknown}
 z - a potion of attraction {unknown}
 A - a potion of brilliance {unknown}


   Skills:
 + Level 3.1 Fighting
 + Level 6.3 Short Blades
 + Level 4.5 Dodging
 * Level 13.4 Stealth
 + Level 3.1 Spellcasting
 + Level 4.7 Summonings


You had one spell level left.
You knew the following spells:

 Your Spells              Type           Power      Damage    Failure   Level
a - Summon Small Mammal   Summ           100%       N/A       1%          1
b - Call Imp              Summ           30%        N/A       1%          2
c - Call Canine Familiar  Summ           30%        N/A       3%          3
d - Summon Guardian Gole  Hex/Summ       17%        N/A       10%         3
e - Summon Lightning Spi  Summ/Air       17%        N/A       32%         4

Your spell library contained the following spells:

 Spells                   Type           Power      Damage    Failure   Level
 Hailstorm                Conj/Ice       4%         3d4       26%         3
 Sticky Flame             Conj/Fire      4%         2d3       65%         4
 Ignition                 Fire           2%         3d3       100%        8


Dungeon Overview and Level Annotations

Branches:
Dungeon (6/15)             Temple (1/1) D:6

Altars:
Dithmenos
Elyvilon
Gozag
Hepliaklqana
Kikubaaqudgha
Nemelex Xobeh
Qazlal
Ru
Trog
Xom
Yredelemnul
The Shining One

Shops:
D:5 (   D:6 (

Annotations:
Temple 2 transporters


Innate Abilities, Weirdness & Mutations

You are small and have problems with some larger weapons.
You are completely attuned to the shadows.


Message History

The orc wizard gestures at you while chanting.
The magic dart hits you.
Your hound bites the gnoll but does no damage.
The gnoll hits you from afar with a +0 spear. x2
The gnoll barely misses your hound.
The gnoll bouda barks out a call to the hunt!
The gnolls pick up the pace!
Your hound bites the gnoll.
The gnoll closely misses you. The gnoll completely misses you.
The gnoll bouda gazes fiercely through you!
You feel your attacks grow feeble.
A gnoll comes into view. It is wielding a +0 spear.
The gnoll barely misses your hound.
Your hound bites the gnoll.
There is a stone staircase leading up here.
Your hound closely misses the gnoll.
The gnoll barely misses you.
The gnoll hits you from afar with a +0 spear. x2
The gnoll closely misses your hound.
Your hound bites the gnoll.
You climb upwards.
Your summoned ally is left behind.
There is a stone staircase leading down here.
You closely miss the gnoll. The gnoll hits you with a +0 flail!
You hit the gnoll.
The gnoll is lightly wounded.
The gnoll closely misses you.
You hit the gnoll but do no damage. You punch the gnoll.
The gnoll is lightly wounded.
You hit the gnoll.
The gnoll is moderately wounded.
The gnoll closely misses you.
You hit the gnoll but do no damage.
The gnoll is moderately wounded.
The gnoll hits you with a +0 flail!
* * * LOW HITPOINT WARNING * * *
You hit the gnoll.
The gnoll is heavily wounded.
The gnoll hits you with a +0 flail!
* * * LOW HITPOINT WARNING * * *
Casting: Call Canine Familiar (dangerous; 3% risk of failure)
Confirm with . or Enter, or press ? or * to list all spells.
The gnoll hits you with a +0 flail.
You die...

#.....................
#....................#
##.#####.....<.#######
###.######.....##
#.......##.....######
#.......####[<[.....#
#...h...#####)......#
#......g............#
#.....@.#####.......###
######### #..........#
#.########.. #.# ###
#.# # #.# ###


You could see a gnoll (swift, ally target) and a friendly hound (summoned).

Vanquished Creatures
  A steam dragon (D:6)
  Edmund (D:5)
  A water moccasin (D:6)
  An ice beast (D:5)
  2 sky beasts (D:6)
  An ogre (D:6)
  A centaur (D:6)
  2 phantoms
  2 bullfrogs (D:6)
  4 scorpions
  A necrophage (D:6)
  5 wights
  A hound (D:6)
  3 jellies
  3 orc priests
  A gnoll bouda (D:6)
  3 iguanas
  An orc wizard (D:6)
  3 gnolls (D:4)
  3 adders
  5 worms
  2 dart slugs
  16 orcs
  A bat (D:1)
  5 endoplasms (D:3)
  A giant cockroach (D:3)
  12 goblins
  7 hobgoblins
  2 jackals (D:3)
  2 quokkas
  3 ball pythons
  3 frilled lizards
  7 kobolds
  3 rats
  A spectral orc (D:5)
110 creatures vanquished.

Vanquished Creatures (collateral kills)
  A sky beast (D:6)
  An adder (D:5)
  3 orcs
  2 giant cockroaches (D:1)
  A rat (D:1)
8 creatures vanquished.

Grand Total: 118 creatures vanquished

Notes
Turn   | Place    | Note
-------+----------+-------------------------------------------
     0 | D:1      | LnG the Kobold Summoner began the quest for the Orb.
     0 | D:1      | Reached XP level 1. HP: 10/10 MP: 3/3
   131 | D:1      | Reached XP level 2. HP: 15/15 MP: 1/5
   162 | D:1      | Reached skill level 3 in Stealth
   363 | D:1      | Learned a level 2 spell: Call Imp
  1242 | D:2      | Reached XP level 3. HP: 20/20 MP: 6/6
  1247 | D:2      | Learned a level 3 spell: Call Canine Familiar
  1874 | D:2      | Reached skill level 4 in Stealth
  2062 | D:2      | Reached XP level 4. HP: 24/24 MP: 7/7
  2310 | D:3      | Reached skill level 1 in Short Blades
  2433 | D:3      | Reached skill level 5 in Stealth
  2446 | D:3      | Reached XP level 5. HP: 28/28 MP: 8/8
  2474 | D:3      | Found a glowing golden altar of the Shining One.
  2744 | D:3      | Reached skill level 6 in Stealth
  3036 | D:3      | You fall into a shaft and drop 1 floor!
  3067 | D:4      | Reached skill level 1 in Fighting
  3193 | D:4      | Reached XP level 6. HP: 34/34 MP: 9/9
  3326 | D:4      | Reached skill level 7 in Stealth
  3400 | D:4      | Found a sacrificial altar of Ru.
  3403 | D:4      | Found a hazy altar of Hepliaklqana.
  3593 | D:4      | Reached skill level 8 in Stealth
  3593 | D:4      | Reached XP level 7. HP: 26/38 MP: 10/10
  3688 | D:4      | Found a shimmering altar of Xom.
  3832 | D:5      | Entered Level 5 of the Dungeon
  4140 | D:5      | Found a basalt altar of Yredelemnul.
  4181 | D:5      | Got Ciqieth's Book of Singed Cold
  4186 | D:5      | Learned a level 3 spell: Summon Guardian Golem
  4227 | D:5      | Found Qauq's Antique Weapon Shoppe.
  4229 | D:5      | Noticed Edmund
  4233 | D:5      | Killed Edmund
  4234 | D:5      | Reached skill level 9 in Stealth
  4454 | D:5      | Reached XP level 8. HP: 14/44 MP: 12/12
  5036 | D:6      | Reached skill level 10 in Stealth
  5133 | D:6      | Reached skill level 11 in Stealth
  5137 | D:6      | Reached skill level 5 in Short Blades
  5148 | D:6      | Learned a level 4 spell: Summon Lightning Spire
  5180 | D:6      | Reached XP level 9. HP: 36/49 MP: 13/13
  5202 | D:6      | Reached skill level 12 in Stealth
  5342 | D:6      | Found Waulloxo's Weapon Shop.
  5389 | D:6      | Found a staircase to the Ecumenical Temple.
  5405 | Temple   | Entered the Ecumenical Temple
  5408 | Temple   | Found a transporter.
  5408 | Temple   | Found a transporter.
  5410 | Temple   | Found a transporter.
  5410 | Temple   | Found a transporter.
  5430 | Temple   | Became a worshipper of Dithmenos the Shadowed
  5487 | D:6      | HP: 2/47 [wight/+3 scimitar of freezing (5)]
  5776 | D:6      | Reached skill level 13 in Stealth
  6061 | D:5      | Slain by a gnoll

Illustrated notes

Levels and vault maps discovered:
D:1:      amcnicky_arrival_single_pillar, layout_basic
D:2:      layout_basic
D:3:      layout_rooms, tso_altar
D:4:      layout_rooms, old_standard_altar, jmf_multi_god_temple
D:5:      layout_rooms, yredelemnul_forgotten_temple_becter, serial_shops,
          nicolae_diamond_shop, uniq_edmund
D:6:      minmay_angry_zag, layout_cave_pods, general_overflow_altar,
          minmay_temple_entry_mist, serial_shops, nicolae_shop_window_shopping,
          minmay_between
Temple:   hellmonk_temple_divided_pantheon

Skill      XL: |  1  2  3  4  5  6  7  8  9 |
---------------+----------------------------+-----
Stealth        | 3 4 5 6 8 9 11 13 | 13.4
Short Blades   | 1 2 3 4 5 6 |  6.3
Fighting       | 1 2 3 |  3.1
Dodging        | 3 4 |  4.5
Spellcasting   | 3 |  3.1
Summonings     | |  4.7

Action                   |  1- 3 |  4- 6 |  7- 9 || total
-------------------------+-------+-------+-------++-------
Melee: Unarmed           |    54 |       |       ||    54
       Dagger            |    43 |    89 |   169 ||   301
       Punch             |     2 |       |     4 ||     6
 Cast: Summon Small Mamm |     9 |       |       ||     9
       Call Imp          |     1 |       |       ||     1
       Call Canine Famil |       |     1 |     6 ||     7
  Use: Scroll            |       |     5 |     1 ||     6
       Potion            |       |       |     1 ||     1
 Stab: Sleeping          |    16 |    16 |    26 ||    58
       Distracted        |     1 |       |     1 ||     2
Armor: Robe              |    21 |    14 |    22 ||    57
Dodge: Dodged            |    59 |    56 |    85 ||   200

Table legend: (Time is in decaauts)
 A = Elapsed time spent in this place.
 B = Non-inter-level travel time spent in this place.
 C = Inter-level travel time spent in this place.
 D = Time resting spent in this place.
 E = Time spent auto-exploring this place.
 F = Levels seen in this place.
 G = Mean time per level.
                   A        B        C        D        E       F      G
               +--------+--------+--------+--------+--------+-----+--------+
         Total |   6021 |   5873 |    148 |   1112 |   3556 |   7 |  860.1 |
       Dungeon |   5981 |   5851 |    130 |   1112 |   3546 |   6 |  996.8 |
        Temple |     40 |     22 |     18 |      0 |     10 |   1 |   40.0 |
               +--------+--------+--------+--------+--------+-----+--------+

Top non-repeatable levels by time:
     D:1: 1195 daAuts
     D:2: 1173 daAuts
     D:5: 996 daAuts
     D:4: 987 daAuts
     D:6: 969 daAuts
     D:3: 659 daAuts
  Temple: 40 daAuts
